 Dungeon Crawl Stone Soup version 0.28-a0-938-gbc3f381ebc (webtiles) character file.

Game seed: 5555664742566718397

61 horus123 the Skirmisher (level 4, -5/35 HPs)
             Began as a Human Fighter on Nov 29, 2021.
             Slain by an iguana (7 damage)
             ... on level 3 of the Dungeon.
             The game lasted 00:02:46 (2145 turns).

horus123 the Skirmisher (Human Fighter)             Turns: 2145, Time: 00:02:47

Health: -5/35      AC:  8    Str: 18    XL:     4   Next: 27%
Magic:  4/4        EV:  9    Int:  8    God:
Gold:   117        SH:  4    Dex: 12    Spells: 3/3 levels left

rFire   + . .      SeeInvis .   a - +0 flail
rCold   x . .      Faith    .   c - +0 buckler
rNeg    + . .      Spirit   .   b - +0 scale mail
rPois   .          Reflect  .   (no helmet)
rElec   .          Harm     .   (no cloak)
rCorr   .          Rampage  .   (no gloves)
Will    .....                   f - +0 pair of boots
Stlth   ..........              j - amulet "Hiek" {rF+ rC- rN+ Regen+}
HPRegen 0.91/turn               (no ring)
MPRegen 0.09/turn               (no ring)

@: very slow
A: no striking features
a: no special abilities


You were on level 3 of the Dungeon.
You visited 1 branch of the dungeon, and saw 3 of its levels.

You collected 117 gold pieces.

Inventory:

Hand Weapons
 a - a +0 flail (weapon)
Armour
 b - a +0 scale mail (worn)
 c - a +0 buckler (worn)
 f - a +0 pair of boots (worn)
Jewellery
 g - an amulet of reflection
 j - the amulet "Hiek" (around neck) {rF+ rC- rN+ Regen+}
   (You acquired it on level 2 of the Dungeon)

   [amulet of regeneration]

   rF:        It protects you from fire.
   rC:        It makes you vulnerable to cold.
   rN:        It protects you from negative energy.
   Regen:     It increases your rate of health regeneration.
Scrolls
 i - a scroll of identify
Potions
 d - a potion of might
 e - 2 potions of resistance
 h - a potion of curing


   Skills:
 + Level 3.4 Fighting
 + Level 2.9 Maces & Flails
 + Level 3.4 Armour
 + Level 0.6 Dodging
 + Level 3.2 Shields


You had 3 spell levels left.
You didn't know any spells.
Your spell library contained the following spells:

 Spells                   Type           Power      Damage    Failure   Level
 Animate Skeleton         Necr           0%         N/A       83%         1
 Pain                     Necr           0%         1d4       83%         1
 Vampiric Draining        Necr           0%         2d6       99%         3


Dungeon Overview and Level Annotations

Branches:
Dungeon (3/15)

Altars:
Xom

Shops:
D:2 !


Message History

You hit the iguana but do no damage.
The iguana is moderately wounded.
The iguana completely misses you.
Your unstable footing causes you to fumble your attack.
The iguana bites you!
You barely miss the iguana.
The iguana is moderately wounded.
The iguana bites you.
* * * LOW HITPOINT WARNING * * *
Your scale mail prevents you from hitting the iguana.
The iguana is moderately wounded.
You block the iguana's attack. The iguana bites you.
* * * LOW HITPOINT WARNING * * *
You hit the iguana but do no damage.
The iguana is moderately wounded.
The iguana bites you.
* * * LOW HITPOINT WARNING * * *
Your unstable footing causes you to fumble your attack.
The iguana splashes around in the water.
Your unstable footing causes you to fumble your attack.
The iguana bites you.
* * * LOW HITPOINT WARNING * * *
The iguana bites you but does no damage.
You barely miss the iguana.
The iguana is moderately wounded.
The iguana hisses menacingly.
The iguana bites you but does no damage.
You hit the iguana.
The iguana is heavily wounded.
You block the iguana's attack.
Your unstable footing causes you to fumble your attack.
The iguana splashes around in the water. x2
You barely miss the iguana.
The iguana is heavily wounded.
The iguana bites you!
* * * LOW HITPOINT WARNING * * *
You barely miss the iguana.
The iguana is heavily wounded.
The iguana bites you!
You die...

..# ######### ########## #..
..######.#.....#####........###..
.................................
.#.###.#.#.....#.###........###..
.......#.#######.# #........# #..
.......#.#######.# #........# #..
.......#.##≈≈≈≈#####........# #..
........##≈≈..≈≈##..........# #..
##.###..# #l@#.######...# ###
.>>.....+ #..'.# #...# ......#†+
#.8...'.# #...# ......#.#
##.#≈≈### #...# ......#.# ≈..≈≈##
#...# ......... #≈≈≈≈# #...#
.....#... ##### #.### .....#....
#.# .....#..##


You could see an iguana.

Vanquished Creatures
  3 dart slugs
  4 bats
  5 endoplasms
  3 giant cockroaches
  2 goblins (D:3)
  6 hobgoblins
  8 jackals (D:2)
  3 kobolds
  2 quokkas
  3 ball pythons
  2 frilled lizards
  8 rats
49 creatures vanquished.

Vanquished Creatures (others)
  2 plants (D:2)
  3 withered plants (D:2)
5 creatures vanquished.

Grand Total: 54 creatures vanquished

Notes
Turn   | Place    | Note
-------+----------+-------------------------------------------
     0 | D:1      | horus123 the Human Fighter began the quest for the Orb.
     0 | D:1      | Reached XP level 1. HP: 18/18 MP: 1/1
   130 | D:1      | Reached XP level 2. HP: 24/24 MP: 2/2
   545 | D:1      | Reached XP level 3. HP: 29/29 MP: 3/3
   877 | D:2      | Found a shimmering altar of Xom.
   915 | D:2      | Found a faded altar of an unknown god.
  1359 | D:2      | Found Gaesetom's Distillery.
  1623 | D:2      | Reached XP level 4. HP: 35/35 MP: 4/4
  1716 | D:2      | Acquired the amulet "Hiek" {rF+ rC- rN+ Regen+}
  2144 | D:3      | HP: 1/35 [iguana (7)]
  2145 | D:3      | Slain by an iguana

Illustrated notes

Levels and vault maps discovered:
D:1:      ebering_trefoil_3fold, layout_basic, minivault_24
D:2:      layout_basic, serial_shops, shop,
          shapermc_ecumenical_altar_flowoftime, basic_altar
D:3:      minmay_razor_zed, layout_basic, kennysheep_generic_room_3,
          uniq_natasha, uniq_jessica

Action                   |  1- 3 |  4- 6 || total
-------------------------+-------+-------++-------
Melee: Flail             |   128 |    53 ||   181
  Use: Scroll            |     2 |     4 ||     6
Armor: Scale mail        |    59 |    21 ||    80
Dodge: Dodged            |    55 |     9 ||    64
Block: Buckler           |    33 |    17 ||    50

Table legend: (Time is in decaauts)
 A = Elapsed time spent in this place.
 B = Non-inter-level travel time spent in this place.
 C = Inter-level travel time spent in this place.
 D = Time resting spent in this place.
 E = Time spent auto-exploring this place.
 F = Levels seen in this place.
 G = Mean time per level.
                   A        B        C        D        E       F      G
               +--------+--------+--------+--------+--------+-----+--------+
         Total |   2199 |   2178 |     21 |      0 |   1762 |   3 |  733.0 |
       Dungeon |   2199 |   2178 |     21 |      0 |   1762 |   3 |  733.0 |
               +--------+--------+--------+--------+--------+-----+--------+

Top non-repeatable levels by time:
     D:2: 1102 daAuts
     D:1: 878 daAuts
     D:3: 218 daAuts
